 Dungeon Crawl Stone Soup version 0.28.0-53-g5a82cb258f (webtiles) character file.

Game seed: 2416870393978748064

71 pesado the Chopper (level 4, -2/58 HPs)
             Began as a Hill Orc Monk on May 20, 2022.
             Was a Believer of Beogh.
             Slain by a black bear (5 damage)
             ... on level 2 of the Dungeon.
             The game lasted 00:03:04 (3381 turns).

pesado the Chopper (Hill Orc Monk)                  Turns: 3381, Time: 00:03:05

Health: -2/58      AC: 22    Str: 15    XL:     4   Next: 24%
Magic:  4/4        EV:  2    Int: 10    God:    Beogh [**....]
Gold:   164        SH:  5    Dex: 13    Spells: 3/3 levels left

rFire   . . .      SeeInvis .   a - +0 hand axe
rCold   . . .      Faith    .   (no shield)
rNeg    . . .      Spirit   .   (armour currently unavailable)
rPois   +          Reflect  +   (helmet currently unavailable)
rElec   .          Harm     .   (cloak currently unavailable)
rCorr   .          Rampage  .   (gloves currently unavailable)
Will    .....      NoTele   +   (boots currently unavailable)
Stlth   ++........              f - amulet of reflection
HPRegen 0.19/turn               (no ring)
MPRegen 0.09/turn               (no ring)

@: tree-form
A: stationary, stasis, torment immunity, boosted hp
a: Renounce Religion, Smiting


You were on level 2 of the Dungeon.
You worshipped Beogh.
Beogh was pleased with you.
You were a tree.
You visited 1 branch of the dungeon, and saw 3 of its levels.

You collected 164 gold pieces.

Inventory:

Hand Weapons
 a - a +0 hand axe (weapon)
Armour
 b - a +0 robe (melded)
 e - a +0 plate armour
Jewellery
 f - an amulet of reflection (around neck)
Potions
 c - a potion of degeneration {unknown}
 h - a potion of invisibility
 i - a potion of brilliance {unknown}
 j - 2 potions of heal wounds {unknown}


   Skills:
 - Level 3.6 Fighting
 - Level 6.3 Axes
 - Level 2.4 Dodging
 - Level 1.5 Stealth
 - Level 0.3 Shields
 + Level 0.2 Evocations


You had 3 spell levels left.
You didn't know any spells.
Your spell library contained the following spells:

 Spells                   Type           Power      Damage    Failure   Level
 Portal Projectile        Hex/Tloc       0%         N/A       75%         3
 Leda's Liquefaction      Hex/Erth       0%         N/A       98%         4
 Blade Hands              Tmut           0%         N/A       100%        5
 Excruciating Wounds      Necr           0%         N/A       100%        5
 Lee's Rapid Deconstruct  Erth           0%         3d5*      100%        5
 Statue Form              Tmut/Erth      0%         N/A       100%        6


Dungeon Overview and Level Annotations

Branches:
Dungeon (3/15)

Altars:

Shops:
D:3 =(


Message History

You fail to use your ability.
The black bear bites you!
* * * LOW HITPOINT WARNING * * *
The black bear claws you but does no damage.
The black bear claws you.
* * * LOW HITPOINT WARNING * * *
There is a stone staircase leading up here.
The black bear bites you.
* * * LOW HITPOINT WARNING * * *
The black bear claws you.
* * * LOW HITPOINT WARNING * * *
The black bear closely misses you.
You climb upwards.
There is a stone staircase leading down here.
Unknown command.
You flicker back into view.
It was a potion of curing.
You feel better. The black bear bites you.
* * * LOW HITPOINT WARNING * * *
The black bear claws you.
* * * LOW HITPOINT WARNING * * *
The black bear claws you.
* * * LOW HITPOINT WARNING * * *
Okay, then.
Okay, then.
You aren't carrying any scrolls.
Unknown command.
You aren't carrying any items that you can evoke.
You aren't carrying any scrolls.
Unknown command.
It was a potion of lignification.
You turn into a tree.
Your +0 robe melds into your body.
Your roots penetrate the ground.
The black bear bites you but does no damage.
The black bear claws you but does no damage. x2
You hit the black bear.
The black bear is heavily wounded.
The black bear bites you but does no damage.
The black bear claws you but does no damage. x2
You hit the black bear.
The black bear is heavily wounded.
The black bear bites you.
You die...

.###.## #.# .###..## #.#
.....≈.## ######## #.# ≈≈.≈≈≈..#
#......# #.# ≈≈≈≈≈...## #.####.#
#.# ≈≈.≈≈≈≈≈.# #.# #.# #.#
≈≈≈.≈≈≈≈## #.# #<# #.#
..≈#≈≈≈≈#########.############.##
...#≈≈≈≈#.......♣h...............
####≈≈≈≈#####.#.##############.##
#≈≈≈#### #.#.# #.#≈ ##≈###.#
#.#.# #.#≈ #≈# #.###.#.# #.#≈ ###
#..##.#.# ##.## #.....#.# #..##
#...###.# ######### ##≈..
#.#.###.# #.......# #≈≈≈#


You could see a black bear.

Vanquished Creatures
  3 adders
  2 dart slugs (D:3)
  4 endoplasms
  2 giant cockroaches
  4 hobgoblins
  2 jackals (D:1)
  2 kobolds
  2 quokkas
  4 ball pythons
  3 bats
  3 frilled lizards
  3 goblins
  6 rats
40 creatures vanquished.

Notes
Turn   | Place    | Note
-------+----------+-------------------------------------------
     0 | D:1      | pesado the Hill Orc Monk began the quest for the Orb.
     0 | D:1      | Reached XP level 1. HP: 19/19 MP: 1/1
   346 | D:1      | Reached XP level 2. HP: 16/26 MP: 2/2
   657 | D:1      | Reached skill level 5 in Axes
  1534 | D:1      | Reached XP level 3. HP: 25/31 MP: 3/3
  2573 | D:2      | Reached skill level 6 in Axes
  2993 | D:3      | Became a worshipper of Beogh the Brigand
  2993 | D:3      | Reached * piety under Beogh
  2993 | D:3      | Reached ** piety under Beogh
  3015 | D:3      | Found Isadov's Antique Weapon Boutique.
  3066 | D:3      | Noticed a black bear
  3167 | D:3      | Reached XP level 4. HP: 39/39 MP: 4/4
  3219 | D:3      | Found Eninus's Jewellery Emporium.
  3375 | D:3      | HP: 1/39 [black bear (1)]
  3381 | D:2      | Slain by a black bear

Illustrated notes

Levels and vault maps discovered:
D:1:      scummos_arrival_checkerplants, layout_basic
D:2:      layout_basic, serial_rivers, chequers_serial_rivers_small_b,
          chequers_serial_rivers_marsh, chequers_serial_rivers_large_a,
          chequers_serial_rivers_small_b
D:3:      layout_basic, serial_shops, nicolae_shop_behind_doors, shop,
          nrook_mini_vaults, minmay_box_of_dots

Skill      XL: |  1  2  3 |
---------------+----------+-----
Axes           | 5 6 |  6.3
Fighting       | |  3.6
Dodging        | |  2.4
Stealth        | |  1.5
Shields        | |  0.3
Evocations     | |  0.2

Action                   |  1- 3 |  4- 6 || total
-------------------------+-------+-------++-------
Melee: Hand axe          |   125 |    19 ||   144
       Punch             |     3 |       ||     3
Invok: Convert to Beogh  |     1 |       ||     1
  Use: Scroll            |     3 |       ||     3
       Potion            |       |     3 ||     3
 Stab: Sleeping          |     4 |     1 ||     5
       Invisible         |       |     2 ||     2
Armor: Robe              |    21 |     5 ||    26
       Skin              |       |     6 ||     6
Dodge: Dodged            |    73 |    18 ||    91
Block: Other             |    13 |     5 ||    18
       Reflection        |     2 |       ||     2
